 Dungeon Crawl Stone Soup version 0.31.0-32-g396128a36d (webtiles) character file.

Game seed: 2615491762561219132

716 Fractals the Caller (level 7, -1/59 HPs)
             Began as a Green Draconian Hedge Wizard on Apr 22, 2024.
             Slain by Pikel
             ... wielding a +1 whip of flaming
              (3 damage)
             ... on level 5 of the Dungeon.
             The game lasted 00:12:18 (4900 turns).

Fractals the Caller (Green Draconian Hedge Wizard)  Turns: 4900, Time: 00:12:19

Health: -1/59      AC:  8    Str: 12    XL:     7   Next: 41%
Magic:  9/12       EV: 13    Int: 13    God:
Gold:   363        SH:  0    Dex: 16    Spells: 9/12 levels left

rFire   . . .        j - +3 sling (flame)
rCold   . . .        (no shield)
rNeg    . . .        (body armour unavailable)
rPois   +            b - +1 hat
rElec   .            (no cloak)
rCorr   .            f - +0 pair of gloves
SInv    .            (no boots)
Will    +....        (no amulet)
Stlth   +++          s - ring of willpower
HPRegen 0.29/turn    (no ring)
MPRegen 0.13/turn

%: no passive effects
@: about to teleport
A: breathe noxious fumes, AC +6, unfitting armour, poison resistance,
cold-blooded, agile 1
a: Breathe Noxious Fumes


You were on level 5 of the Dungeon.
You visited 1 branch of the dungeon, and saw 5 of its levels.
You also visited: Sewer.

You collected 363 gold pieces.

Inventory:

Hand Weapons
 j - a +3 sling of flaming (weapon)
 x - a +2 dagger of holy wrath
Armour
 b - a +1 hat (worn)
 f - a +0 pair of gloves (worn)
Magical Staves
 e - a staff of air
 q - a staff of cold
Jewellery
 s - a ring of willpower (left hand)
Wands
 k - a wand of flame (29)
 n - a wand of polymorph (9)
Scrolls
 a - a scroll of summoning {unknown}
 d - 2 scrolls of identify
 g - 4 scrolls of revelation
 h - 6 scrolls of teleportation
 o - a scroll of enchant weapon
 t - a scroll of brand weapon {unknown}
 v - a scroll of torment {unknown}
 w - a scroll of noise {unknown}
 y - a scroll of immolation {unknown}
Potions
 c - a potion of magic
 i - 3 potions of curing
 m - a potion of haste


   Skills:
 - Level 4.0 Fighting
 - Level 3.0 Dodging
 - Level 4.0 Stealth
 + Level 3.3 Spellcasting
 - Level 3.0 Conjurations
 + Level 4.3 Summonings
 - Level 1.0 Translocations


You had 9 spell levels left.
You knew the following spells:

 Your Spells              Type           Power      Damage    Failure   Level
a - Magic Dart            Conj           36%        1d4       6%          1
b - Call Imp              Summ           26%        N/A       5%          2

Your spell library contained the following spells:

 Spells                   Type           Power      Damage    Failure   Level
 Slow                     Hex            8%         N/A       22%         1
 Blink                    Tloc           8%         N/A       22%         2
 Cigotuvi's Dreadful Rot  Necr/Alch/Air  4%         N/A       32%         2
 Mephitic Cloud           Conj/Alch/Air  4%         N/A       41%         3


Dungeon Overview and Level Annotations

Branches:
Dungeon (5/15)              Sewer (visited)
 Temple: D:4-7

Altars:
Wu Jian
Yredelemnul

Shops:
D:1 !*[

Annotations:
D:5 Eustachio, Pikel, Prince Ribbit


Innate Abilities, Weirdness & Mutations

You can breathe blasts of noxious fumes.
Your lurid green scales are hard. (AC +6)
You cannot fit into any form of body armour.
Your system is resistant to poisons. (rPois)
You are cold-blooded and may be slowed by cold attacks.
You are agile. (Dex +4, Str/Int -1)


Message History

A lemure comes into view.
Pikel hits your cerulean imp with a +1 whip of flaming.
Pikel burns your cerulean imp.
Your cerulean imp dies!
Your cerulean imp disappears in a puff of smoke!
Pikel shouts!
You shoot a sling bullet. The sling bullet barely misses Pikel.
The sling bullet hits the lemure!
The sling bullet burns the lemure.
The lemure is heavily wounded.
You hear a shout!
Pikel hits you with a +1 whip of flaming.
Pikel burns you.
Unknown command.
Casting: Call Imp (safe; 5% risk of failure)
Confirm with . or Enter, or press ? or * to list all spells.
A tiny devil pulls itself out of the air.
Prince Ribbit hits your cerulean imp. Pikel barely misses you.
You shoot a sling bullet. The sling bullet closely misses Pikel.
The sling bullet hits the lemure!
The sling bullet burns the lemure.
The lemure is almost dead.
Prince Ribbit hits your cerulean imp!
Your cerulean imp dies!
Your cerulean imp disappears in a puff of smoke!
Pikel hits you with a +1 whip of flaming.
* * * LOW HITPOINT WARNING * * *
Pikel burns you.
* * * LOW HITPOINT WARNING * * *
Pikel hits you with a +1 whip of flaming.
* * * LOW HITPOINT WARNING * * *
Pikel burns you.
* * * LOW HITPOINT WARNING * * *
Okay, then.
As you read the scroll of teleportation, it crumbles to dust.
You feel strangely unstable.
Prince Ribbit hits you but does no damage.
Prince Ribbit hits you!
* * * LOW HITPOINT WARNING * * *
Pikel hits you with a +1 whip of flaming.
You die...
Pikel says, "Another soul for the market."

...#..........#........##+#....#
...'..........#........# #....#
...######.....#........+ #####..
........#######........# ..
.......................#
.......................#
...............#'##....#
...............#F.#....#
.).#'###########@.#....#
.).#..........##K##....#
.).+..........##55######.
.<.#...##[....##55...5...
[..#...#########.........
...#....#................
...#...##....K##..#######
...######.....##..# ...#
..........#....


You could see Prince Ribbit, Pikel, 3 lemures and an ufetubus.

Vanquished Creatures
  2 black bears
  A phantom (D:4)
  A lemure (D:5)
  A brain worm (Sewer)
  2 scorpions
  A hound (D:3)
  A jelly (D:4)
  An iguana (D:4)
  4 gnolls (D:5)
  4 adders
  A white imp (D:5)
  3 dart slugs
  A ribbon worm (D:4)
  12 orcs
  11 ball pythons
  6 bats
  2 endoplasms (D:1)
  6 giant cockroaches
  5 goblins
  9 hobgoblins
  9 kobolds
  5 quokkas
  7 frilled lizards
  5 rats
100 creatures vanquished.

Notes
Turn   | Place    | Note
-------+----------+-------------------------------------------
     0 | D:1      | Fractals the Draconian Hedge Wizard began the quest for the
                  | Orb.
     0 | D:1      | Reached XP level 1. HP: 14/14 MP: 4/4
    23 | D:1      | Found Heusotoq's Antique Armour Boutique.
   128 | D:1      | Found Jibbas's General Store.
   144 | D:1      | Reached skill level 1 in Fighting
   289 | D:1      | Reached XP level 2. HP: 23/23 MP: 4/6
   741 | D:1      | Found Racrar's Distillery.
  1086 | D:2      | Reached XP level 3. HP: 25/29 MP: 7/7
  1851 | D:3      | Found a glowing drain.
  1873 | Sewer    | Entered a sewer
  1876 | Sewer    | Noticed a brain worm
  1879 | Sewer    | Killed a brain worm
  1880 | Sewer    | Reached XP level 4. HP: 36/37 MP: 8/8
  1964 | Sewer    | Noticed Pargi
  1988 | Sewer    | HP: 1/37 [Pargi (2)]
  1990 | Sewer    | Gained mutation: You are agile. (Dex +4, Str/Int -1)
                  | [potion of mutation]
  2353 | D:3      | Reached XP level 5. HP: 45/45 MP: 9/9
  2708 | D:3      | Found a basalt altar of Yredelemnul.
  2745 | D:3      | Found an ornate altar of the Wu Jian Council.
  3103 | D:4      | Noticed a black bear
  3337 | D:3      | Learned a level 2 spell: Call Imp
  3352 | D:4      | Reached XP level 6. HP: 10/52 MP: 10/10
  3837 | D:4      | Your scales start taking on a lurid green colour.
  3837 | D:4      | Reached XP level 7. HP: 59/59 MP: 11/11
  3837 | D:4      | Gained mutation: Your system is resistant to poisons.
                  | (rPois) [Green Draconian growth]
  4039 | D:5      | Entered Level 5 of the Dungeon
  4046 | D:5      | Noticed Eustachio
  4861 | D:5      | Noticed Prince Ribbit
  4873 | D:5      | Noticed Pikel
  4900 | D:5      | HP: 2/59 [Prince Ribbit (8)]
  4900 | D:5      | Slain by Pikel

Illustrated notes

Levels and vault maps discovered:
D:1:      lemuel_arrival_funnel, layout_basic, serial_co_window_serial,
          co_window_corner_a, co_window_corner_a, co_window_paths_b,
          co_window_paths_a, co_window_paths_b, co_window_paths_b,
          co_window_corner_a, co_window_paths_a, co_window_paths_b,
          co_window_unsneaky_path_c, co_window_corner_cb, co_window_broadway_b,
          co_window_broadway_c, co_window_corner_b, glass_columns_a,
          glass_columns_b, glass_columns_a, glass_columns_a, serial_shops, shop,
          shop, shop_fountains
D:2:      layout_basic, minmay_tiny_reverse_x
D:3:      layout_loops_corners, nicolae_overflow_hidden_temple,
          portal_sewer_entry_f, chequers_serial_rivers_large_b
D:4:      layout_rooms
D:5:      layout_gridville, temple_fountains, kennysheep_crisscross, uniq_pikel,
          uniq_eustachio, uniq_prince_ribbit1

Skill      XL: |  1  2  3  4  5  6  7 |
---------------+----------------------+-----
Stealth        | 2 3 4 |  4.0
Fighting       | 1 2 3 4 |  4.0
Conjurations   | 2 3 |  3.0
Dodging        | 3 |  3.0
Summonings     | 2 3 4 |  4.3
Spellcasting   | |  3.3
Translocations | |  1.0

Action                     |  1- 3 |  4- 6 |  7- 9 || total
---------------------------+-------+-------+-------++-------
  Melee: Dagger            |    54 |       |       ||    54
         Tailslap          |     4 |       |       ||     4
   Fire: Sling             |    55 |   159 |    81 ||   295
   Cast: Magic Dart        |     9 |       |       ||     9
         Call Imp          |       |       |     4 ||     4
    Use: Scroll            |     1 |     3 |     5 ||     9
         Potion            |       |     4 |       ||     4
   Stab: Sleeping          |     2 |       |       ||     2
 Armour: Skin              |    23 |   122 |    78 ||   223
  Dodge: Dodged            |    51 |   122 |    85 ||   258
